 Dungeon Crawl Stone Soup version 0.32-a0-35-gd9ff480968 (webtiles) character file.

Game seed: 3136387017399010162

331 Xavori the Trooper (level 6, -13/47 HPs)
             Began as a Djinni Chaos Knight on Jan 18, 2024.
             Was a Plaything of Xom.
             Mangled by Crazy Yiuf
             ... wielding a +3 quarterstaff of chaos
              (20 damage)
             ... on level 3 of the Dungeon on Jan 22, 2024.
             The game lasted 00:02:04 (2368 turns).

Xavori the Trooper (Djinni Chaos Knight)            Turns: 2368, Time: 00:02:05

Health: -13/47     AC:  5    Str: 11    XL:     6   Next: 82%
Gold:   120        EV: 12    Int: 15    God:    Xom [.*....] SH:  0 Dex: 13

rFire   + . .        a - +0 falchion (chaos)
rCold   . . .        (no shield)
rNeg    . . .        b - +2 leather armour
rPois   ∞            (no helmet)
rElec   .            j - scarf {shadows}
rCorr   .            (no gloves)
SInv    +            (boots unavailable)
Will    .....        (no amulet)
Stlth   +            e - ring of ice
HPRegen 0.27/turn    o - ring of see invisible
MPRegen 0.00/turn

%: infuse magic (-14 HP)
@: flying
A: sickness immunity, fire resistance 2, cold vulnerability 1, float, innate
caster, HP casting, extra vitality 1
a: Renounce Religion


You were on level 3 of the Dungeon.
You worshipped Xom.
You were a plaything of Xom.
You visited 1 branch of the dungeon, and saw 3 of its levels.

You collected 120 gold pieces.

Inventory:

Hand Weapons
 a - a +0 falchion of chaos (weapon)
Armour
 b - a +2 leather armour (worn)
 j - a scarf of shadows (worn)
Jewellery
 e - a ring of ice (left hand)
 n - a ring of ice
 o - a ring of see invisible (right hand)
Wands
 r - a wand of mindburst (5)
Scrolls
 c - a scroll of butterflies
 f - 2 scrolls of identify {unknown}
 h - 2 scrolls of silence {unknown}
 i - 7 scrolls of teleportation {unknown}
 k - 2 scrolls of fear {unknown}
 l - 2 scrolls of torment {unknown}
Potions
 d - 3 potions of heal wounds {unknown}
 g - a potion of mutation {unknown}
 m - a potion of invisibility {unknown}
 p - a potion of enlightenment {unknown}
 q - a potion of haste {unknown}
 s - a potion of might {unknown}


   Skills:
 + Level 3.9 Fighting
 + Level 3.5 Long Blades
 + Level 2.5 Armour
 + Level 3.5 Dodging
 * Level 2.6 Spellcasting
 * Level 2.6 Conjurations
 * Level 2.6 Hexes
 * Level 2.6 Summonings
 * Level 2.6 Necromancy
 * Level 2.6 Translocations
 * Level 2.6 Fire Magic
 * Level 2.6 Ice Magic
 * Level 2.6 Air Magic
 * Level 2.6 Earth Magic
 * Level 2.6 Alchemy


You knew the following spells:

 Your Spells              Type           Power      Damage    Failure   Level
a - Sting                 Conj/Alch      40%        1d5       9%          1
b - Lesser Beckoning      Tloc           20%        N/A       14%         2
Your spell library was empty.

Dungeon Overview and Level Annotations

Branches:
Dungeon (3/15)

Altars:

Shops:
D:2 (

Annotations:
D:3 Crazy Yiuf


Innate Abilities, Weirdness & Mutations

You are immune to sickness and miasma.
You are immune to poison.
Your flesh is very heat resistant. (rF++)
You are vulnerable to cold. (rC-)
You float through the air rather than walking.
You learn spells naturally, not from books.
Your magical power is your life essence.
You have superior vitality. (+4 MHP)


Message History

You kill the ball python!
Found a runed translucent door.
No target in view!
Found a hammer.
No reachable target in view!
Key pressed, stopping explore.
No target in view!
Found a whip.
Found a faded altar of an unknown god.
No target in view!
No target in view!
You see here 6 stones.
No reachable target in view!
Could not explore, unopened runed door.
No reachable target in view!
Could not explore, unopened runed door.
No reachable target in view!
Could not explore, unopened runed door.
No reachable target in view!
Press: ? - help, v - describe, . - travel
Here: Crazy Yiuf, wielding a +3 quarterstaff of chaos, wearing a +0 cloak and carrying a wand of flame (fire blocked by a runed translucent door)
The floor.
You reach down and open the door.
You barely miss Crazy Yiuf. Crazy Yiuf misses you.
You barely miss Crazy Yiuf.
Crazy Yiuf hits you with a +3 quarterstaff of chaos!
You hit Crazy Yiuf but do no damage.
Crazy Yiuf seems to grow stronger.
Crazy Yiuf zaps a wand.
The puff of flame hits you. You resist.
You hit Crazy Yiuf but do no damage.
Crazy Yiuf hits you with a +3 quarterstaff of chaos!!
* * * LOW HITPOINT WARNING * * *
Crazy Yiuf burns you.
* * * LOW HITPOINT WARNING * * *
You completely miss Crazy Yiuf.
Crazy Yiuf zaps a wand.
The puff of flame misses you.
You closely miss Crazy Yiuf.
Crazy Yiuf zaps a wand.
The puff of flame hits you. You resist.
* * * LOW HITPOINT WARNING * * *
Crazy Yiuf hits you with a +3 quarterstaff of chaos!!
You die...
Xom howls with laughter!

....# #.........#
##>.### ###.#######
......# #.# ......# ###
.)<...# ......####♣♣♣♣♣
............♣.♣♣♣ ###
......#....P.♣..♣#...#
......†.....♣♣♣♣@g...#
..........P♣♣ ♣♣#..)#
......#.##♣♣ ###
........# ####....#
##...##.###############
#..####..†............#
#.#..>...............##
..#...........#...<.##


You could see Crazy Yiuf (strong).

Vanquished Creatures
  Grinder (D:3)
  Natasha (twice) (D:2)
  2 adders
  3 dart slugs
  An orc (D:3)
  4 bats
  4 endoplasms
  2 giant cockroaches
  5 goblins
  A hobgoblin (D:2)
  2 jackals (D:2)
  8 kobolds
  2 quokkas (D:3)
  5 ball pythons
  4 rats
46 creatures vanquished.

Vanquished Creatures (collateral kills)
  Natasha (D:2)
1 creature vanquished.

Grand Total: 47 creatures vanquished

Notes
Turn   | Place    | Note
-------+----------+-------------------------------------------
     0 | D:1      | Xavori the Djinni Chaos Knight began the quest for the Orb.
     0 | D:1      | Reached XP level 1. HP: 20/20 MP: 0/0
    87 | D:1      | Reached XP level 2. HP: 25/25 MP: 0/0
    93 | D:1      | XOM: silly message
   110 | D:1      | Upgraded the game from 0.32-a0-22-g6ae6769602 to
                  | 0.32-a0-35-gd9ff480968
   152 | D:1      | XOM: potion effect (invisibility)
   283 | D:1      | XOM: silly message
   796 | D:2      | Noticed Natasha
   799 | D:2      | XOM: enchant monster (good)
   802 | D:2      | Killed Natasha
   803 | D:2      | Reached skill level 1 in Spellcasting
   803 | D:2      | Reached skill level 1 in Conjurations
   803 | D:2      | Reached skill level 1 in Hexes
   803 | D:2      | Reached skill level 1 in Summonings
   803 | D:2      | Reached skill level 1 in Necromancy
   803 | D:2      | Reached skill level 1 in Translocations
   803 | D:2      | Reached skill level 1 in Fire Magic
   803 | D:2      | Reached skill level 1 in Ice Magic
   803 | D:2      | Reached skill level 1 in Air Magic
   803 | D:2      | Reached skill level 1 in Earth Magic
   803 | D:2      | Reached skill level 1 in Alchemy
   803 | D:2      | Reached XP level 3. HP: 17/30 MP: 0/0
   803 | D:2      | Learned a level 1 spell: Sting
   984 | D:2      | Noticed Natasha
   989 | D:2      | XOM: swap monsters
   991 | D:2      | XOM: summons 3 friendly demons
   995 | D:2      | Killed Natasha
   996 | D:2      | Reached XP level 4. HP: 18/35 MP: 0/0
  1138 | D:2      | Noticed Natasha
  1151 | D:2      | XOM: cast spell 'Iskenderun's Battlesphere'
  1152 | D:2      | XOM: scenery: 1 doors open
  1153 | D:2      | Killed Natasha
  1154 | D:2      | Reached XP level 5. HP: 13/40 MP: 0/0
  1154 | D:2      | Learned a level 2 spell: Lesser Beckoning
  1667 | D:2      | Found Asifatra's Antique Weapon Emporium.
  2022 | D:3      | Noticed Grinder
  2022 | D:3      | Paralysed by Grinder for 4 turns
  2028 | D:3      | XOM: cleaving
  2030 | D:3      | Paralysed by Grinder for 5 turns
  2031 | D:3      | XOM: summons friendly ufetubus
  2038 | D:3      | Killed Grinder
  2039 | D:3      | Reached XP level 6. HP: 12/47 MP: 0/0
  2243 | D:3      | Found a runed translucent door.
  2244 | D:3      | Noticed Crazy Yiuf
  2261 | D:3      | Found a faded altar of an unknown god.
  2368 | D:3      | Mangled by Crazy Yiuf

Illustrated notes

Levels and vault maps discovered:
D:1:      mainiacjoe_arrival_reflecting_pool, layout_basic
D:2:      layout_basic, serial_shops, shop, uniq_natasha
D:3:      layout_rooms, ebering_ecumenical_altar_rust, uniq_crazy_yiuf_cottage,
          uniq_grinder

Skill      XL: |  1  2  3  4  5 |
---------------+----------------+-----
Spellcasting   | 1 2 |  2.6
Conjurations   | 1 2 |  2.6
Hexes          | 1 2 |  2.6
Summonings     | 1 2 |  2.6
Necromancy     | 1 2 |  2.6
Translocations | 1 2 |  2.6
Fire Magic     | 1 2 |  2.6
Ice Magic      | 1 2 |  2.6
Air Magic      | 1 2 |  2.6
Earth Magic    | 1 2 |  2.6
Alchemy        | 1 2 |  2.6
Long Blades    | 3 |  3.5
Armour         | 2 |  2.5
Dodging        | 3 |  3.5
Fighting       | |  3.9

Action                     |  1- 3 |  4- 6 || total
---------------------------+-------+-------++-------
  Melee: Falchion          |    65 |    92 ||   157
         Punch             |     2 |       ||     2
   Stab: Confused          |     2 |       ||     2
         Petrified         |     1 |       ||     1
 Armour: Leather armour    |    47 |    62 ||   109
  Dodge: Dodged            |    27 |    58 ||    85

Table legend: (Time is in decaauts)
 A = Elapsed time spent in this place.
 B = Non-inter-level travel time spent in this place.
 C = Inter-level travel time spent in this place.
 D = Time resting spent in this place.
 E = Time spent auto-exploring this place.
 F = Levels seen in this place.
 G = Mean time per level.
                   A        B        C        D        E       F      G
               +--------+--------+--------+--------+--------+-----+--------+
         Total |   2411 |   2388 |     23 |    111 |   1881 |   3 |  803.7 |
       Dungeon |   2411 |   2388 |     23 |    111 |   1881 |   3 |  803.7 |
               +--------+--------+--------+--------+--------+-----+--------+

Top non-repeatable levels by time:
     D:2: 976 daAuts
     D:1: 794 daAuts
     D:3: 640 daAuts
